 Dungeon Crawl Stone Soup version 0.20.0-14-g326068f (webtiles) character file.

4647 Kosschaser the Covert (level 10, -2/68 HPs)
             Began as a Merfolk Enchanter on June 7, 2017.
             Was a Believer of Dithmenos.
             Slain by Prince Ribbit (3 damage)
             ... on level 8 of the Dungeon.
             The game lasted 01:05:40 (12329 turns).

Kosschaser the Covert (Merfolk Enchanter)          Turns: 12329, Time: 01:05:41

Health: -2/68      AC:  6    Str: 12    XL:     10   Next: 43%
Magic:  6/19       EV: 15    Int: 15    God:    Dithmenos [**....]
Gold:   527        SH:  0    Dex: 18    Spells: 9/21 levels left

rFire    + . .     SeeInvis .   a - +1 dagger
rCold    . . .     Gourm    .   (no shield)
rNeg     . . .     Faith    .   H - +0 steam dragon scales
rPois    .         Spirit   .   (no helmet)
rElec    .         Reflect  .   (no cloak)
rCorr    .         Harm     .   o - +0 pair of gloves
MR       .....                  (no boots)
Stlth    ++++++....             (no amulet)
Regen    0.3/turn               r - ring of protection from fire
MPRegen  0.2/turn               B - +4 ring of strength

@: very slightly contaminated, wreathed by umbra
A: change form in water, swift swim, stealthy swim
a: Shadow Step, Renounce Religion


You were on level 8 of the Dungeon.
You worshipped Dithmenos.
Dithmenos was pleased with you.
You were hungry.

You visited 1 branch of the dungeon, and saw 8 of its levels.
You also visited: Sewer.

You collected 527 gold pieces.

Inventory:

Hand Weapons
 a - a +1 dagger (weapon)
Armour
 o - a +0 pair of gloves (worn)
 F - a +2 robe of magic resistance
 H - +0 steam dragon scales (worn)
Jewellery
 r - a ring of protection from fire (left hand)
 B - a +4 ring of strength (right hand)
Wands
 x - a wand of scattershot (2/9)
 A - a wand of iceblast (2/15)
Scrolls
 b - a scroll of enchant armour {unknown}
 e - 3 scrolls of remove curse {unknown}
 f - 3 scrolls of amnesia {unknown}
 g - 6 scrolls of identify {unknown}
 j - 2 scrolls of enchant weapon {unknown}
 k - a scroll of random uselessness {unknown}
 n - 3 scrolls of blinking
 s - 2 scrolls of recharging {unknown}
 t - 3 scrolls of magic mapping {unknown}
 v - a scroll of fear {unknown}
 y - 4 scrolls of teleportation {unknown}
 D - a scroll of fog {unknown}
Potions
 h - a potion of mutation {unknown}
 l - 3 potions of invisibility {unknown}
 m - 4 potions of curing
 p - a potion of degeneration {unknown}
 q - a potion of cancellation {unknown}
 w - a potion of brilliance {unknown}
 C - a potion of haste {unknown}
 E - a potion of might {unknown}
 G - a potion of lignification {unknown}
 I - 3 potions of agility {unknown}
Books
 c - a book of Maledictions

   Spells                             Type                      Level
   a - Corona                         Hexes                        1
   b - Ensorcelled Hibernation        Hexes/Ice                    2
   c - Confuse                        Hexes                        3
   d - Tukima's Dance                 Hexes                        3
   e - Dazzling Spray                 Conjuration/Hexes            3
Comestibles
 d - 4 bread rations
 i - 2 royal jellies
 u - 2 meat rations
 z - 5 fruits
 J - 2 chunks of flesh


   Skills:
 + Level 2.6 Fighting
 + Level 5.0 Short Blades
 + Level 5.1 Dodging
 + Level 11.2 Stealth
 + Level 6.4 Spellcasting
 + Level 0.8 Conjurations
 + Level 6.8 Hexes
 + Level 4.8 Ice Magic


You had 9 spell levels left.
You knew the following spells:

 Your Spells              Type           Power        Failure   Level  Hunger
a - Corona                Hex            ####...      1%          1    None
b - Ensorcelled Hibernat  Hex/Ice        ###...       1%          2    #......
c - Confuse               Hex            ####....     2%          3    ##.....
d - Dazzling Spray        Conj/Hex       ###...       9%          3    ##.....
e - Tukima's Dance        Hex            ####....     2%          3    ##.....


Dungeon Overview and Level Annotations

Branches:
Dungeon (8/15)             Temple (0/1) D:7
   Lair: D:8-11

Altars:
Dithmenos
Gozag
Hepliaklqana
Ru
Uskayaw
Xom
Zin
The Shining One

Annotations:
D:8 Crag's ghost, novice DsGl; Prince Ribbit


Message History

The centaur looks drowsy...
The gnoll barely misses you.
The helpless centaur fails to defend itself.
You skewer the centaur like a kebab!!!!
You kill the centaur!
Dithmenos accepts your kill.
Your Short Blades skill increases to level 5!
The gnoll hits you.
* * * LOW HITPOINT WARNING * * *
Blink to where?
Press: ? - help, Dir - move target cursor You are very lightly contaminated with residual magic.
As you read the scroll labeled QEALOR QYENABB, it crumbles to dust.
It was a scroll of blinking.
There is a stone staircase leading up here.
Prince Ribbit hits you.
* * * LOW HITPOINT WARNING * * *
Prince Ribbit hits you!
* * * LOW HITPOINT WARNING * * *
Prince Ribbit hits you.
You die...

#.# #.##.## #.# #.##)#
#.## ######.##.# #..##
##......##.#
##...#####...######.##
#.......g..#..[......#
##..<#####...######...
###..###..............#
#....F@......########.#
#.#..###.##..# #.#
#.#..# #.##g.# #.#
#.#..# #.##.)# ##..
#.#.)###.##.(# #####...
#.#......##..# #.......
#.#....####.(# #.###.#.
#.#..#.####..###.# ##.#
#.#............(.# ###


You could see Prince Ribbit.

Vanquished Creatures
  2 two-headed ogres (D:8)
  A hippogriff (D:7)
  Sigmund (D:6)
  A steam dragon (D:7)
  2 water moccasins
  2 orc warriors (D:8)
  A black bear (D:6)
  4 ogres
  3 phantoms
  3 centaurs
  5 bullfrogs
  A gnoll sergeant (D:8)
  A scorpion (D:4)
  4 howler monkeys
  A bullfrog zombie (D:6)
  A crimson imp (D:6)
  2 jellies
  2 orc priests
  3 orc wizards
  3 hounds
  3 iguanas
  7 worker ants
  A howler monkey skeleton (D:7)
  17 gnolls
  15 adders
  A river rat (D:3)
  A shadow imp (D:6)
  15 oozes
  3 adder skeletons
  3 worms
  2 dart slugs
  11 leopard geckos
  23 orcs
  10 giant cockroaches
  7 goblins
  7 hobgoblins
  14 jackals
  4 kobolds
  8 quokkas
  13 ball pythons
  6 bats
  12 frilled lizards
  A jackal skeleton (D:7)
  A leopard gecko zombie (D:7)
  A quokka zombie (D:8)
  12 rats
241 creatures vanquished.

Vanquished Creatures (collateral kills)
  A gnoll (D:5)
1 creature vanquished.

Vanquished Creatures (others)
  8 dancing weapons
  A centaur skeleton (D:7)
  A worker ant (D:7)
10 creatures vanquished.

Grand Total: 252 creatures vanquished

Notes
Turn   | Place    | Note
-------+----------+-------------------------------------------
     0 | D:1      | Kosschaser the Merfolk Enchanter began the quest for the Orb.
     0 | D:1      | Reached XP level 1. HP: 13/13 MP: 3/3
   295 | D:1      | Reached XP level 2. HP: 19/19 MP: 5/5
   961 | D:1      | Learned a level 2 spell: Ensorcelled Hibernation
  1336 | D:1      | Reached XP level 3. HP: 17/24 MP: 6/6
  1498 | D:2      | Learned a level 3 spell: Confuse
  2123 | D:2      | Reached XP level 4. HP: 23/31 MP: 3/8
  2417 | D:2      | Reached skill level 4 in Stealth
  3151 | D:2      | Reached skill level 1 in Ice Magic
  3186 | D:3      | Reached XP level 5. HP: 36/36 MP: 4/9
  3260 | D:3      | HP: 1/36 [poisoned by an adder]
  3533 | D:3      | Learned a level 3 spell: Dazzling Spray
  3541 | D:3      | Found a glowing drain.
  3558 | Sewer    | Entered a sewer
  3607 | Sewer    | Reached skill level 1 in Fighting
  4181 | Sewer    | Reached XP level 6. HP: 39/43 MP: 10/10
  4356 | Sewer    | Reached skill level 5 in Stealth
  4522 | D:3      | Reached XP level 7. HP: 39/48 MP: 0/11
  6394 | D:4      | Reached skill level 6 in Stealth
  6438 | D:4      | Found a hide-covered altar of Uskayaw.
  6439 | D:4      | Found a shimmering altar of Xom.
  6441 | D:4      | Found an opulent altar of Gozag.
  6443 | D:4      | Found a glowing golden altar of the Shining One.
  6447 | D:4      | Found a shadowy altar of Dithmenos.
  6448 | D:4      | Found a glowing silver altar of Zin.
  6454 | D:4      | Became a worshipper of Dithmenos the Shadowed
  6458 | D:4      | Found a hazy altar of Hepliaklqana.
  7159 | D:5      | Entered Level 5 of the Dungeon
  8217 | D:5      | Reached XP level 8. HP: 56/56 MP: 6/13
  8222 | D:5      | Reached skill level 7 in Stealth
  8348 | D:5      | Learned a level 3 spell: Tukima's Dance
  8466 | D:5      | Reached * piety under Dithmenos
  9213 | D:6      | Found a sacrificial altar of Ru.
  9276 | D:6      | Reached skill level 8 in Stealth
  9276 | D:6      | Reached skill level 5 in Hexes
 10082 | D:6      | Noticed Sigmund
 10085 | D:6      | Killed Sigmund
 10085 | D:6      | Reached XP level 9. HP: 61/61 MP: 16/16
 10239 | D:6      | Reached skill level 5 in Spellcasting
 11054 | D:7      | Found a staircase to the Ecumenical Temple.
 11100 | D:7      | Reached skill level 9 in Stealth
 11488 | D:8      | Reached skill level 5 in Dodging
 11559 | D:8      | Noticed a two-headed ogre
 11628 | D:8      | Found a sacrificial altar of Ru.
 11666 | D:8      | Noticed a two-headed ogre
 11672 | D:8      | Killed a two-headed ogre
 11672 | D:8      | Reached skill level 10 in Stealth
 11672 | D:8      | Reached XP level 10. HP: 68/68 MP: 13/18
 11691 | D:8      | Killed a two-headed ogre
 11716 | D:8      | Reached ** piety under Dithmenos
 11716 | D:8      | Reached skill level 11 in Stealth
 11982 | D:8      | Noticed Crag's ghost (novice DsGl)
 12232 | D:8      | Noticed Prince Ribbit
 12319 | D:8      | Reached skill level 5 in Short Blades
 12326 | D:8      | HP: 1/68 [Prince Ribbit (7)]
 12329 | D:8      | Slain by Prince Ribbit

Skill      XL: |  1  2  3  4  5  6  7  8  9 10 |
---------------+-------------------------------+-----
Dodging        | 3 4 5 |  5.1
Stealth        | 4 5 6 8 10 11 | 11.2
Spellcasting   | 3 4 5 6 |  6.4
Ice Magic      | 1 2 3 4 |  4.8
Fighting       | 1 2 |  2.6
Short Blades   | 2 3 4 5 |  5.0
Hexes          | 4 5 6 |  6.8
Conjurations   | |  0.8

Action                   |  1- 3 |  4- 6 |  7- 9 | 10-12 || total
-------------------------+-------+-------+-------+-------++-------
Melee: Dagger            |   121 |   223 |   368 |    59 ||   771
       Tailslap          |       |     9 |     2 |       ||    11
 Cast: Ensorcelled Hiber |    18 |    38 |   118 |    22 ||   196
       Corona            |     1 |       |       |       ||     1
       Dazzling Spray    |       |     8 |    17 |     3 ||    28
       Confuse           |       |       |    14 |     5 ||    19
       Tukima's Dance    |       |       |     6 |     5 ||    11
  Use: Scroll            |       |       |       |     1 ||     1
       Potion            |       |       |       |     1 ||     1
 Stab: Sleeping          |    15 |    38 |    74 |    14 ||   141
       Invisible         |       |     2 |     2 |     1 ||     5
       Confused          |       |       |     5 |     3 ||     8
       Distracted        |       |       |     1 |     1 ||     2
  Eat: Chunk             |     4 |    12 |    32 |     2 ||    50
Armor: Robe              |    24 |    28 |    36 |       ||    88
       Steam dragon scal |       |       |     4 |     5 ||     9
Dodge: Dodged            |    71 |   158 |   260 |    57 ||   546
